 Dungeon Crawl Stone Soup version 0.28.0-43-g3370ac3207 (webtiles) character file.

Game seed: 10738068324415133976

46 nickcage the Slasher (level 3, 0/29 HPs)
             Began as a Formicid Abyssal Knight on Mar 24, 2022.
             Was a Follower of Lugonu.
             Slain by a bat (1 damage)
             ... on level 2 of the Dungeon.
             The game lasted 00:02:35 (1568 turns).

nickcage the Slasher (Formicid Abyssal Knight)      Turns: 1568, Time: 00:02:36

Health: 0/29       AC: 10    Str: 19    XL:     3   Next: 95%
Magic:  4/4        EV:  5    Int:  9    God:    Lugonu [*.....]
Gold:   49         SH:  3    Dex: 11    Spells: 2/2 levels left

rFire   . . .      SeeInvis +   a - +1 falchion
rCold   . . .      Faith    .   g - +0 buckler
rNeg    . . .      Spirit   .   e - +0 plate armour
rPois   .          Reflect  .   (helmet unavailable)
rElec   .          Harm     .   (no cloak)
rCorr   .          Rampage  .   (no gloves)
Will    .....                   (no boots)
Stlth   ..........              (no amulet)
HPRegen 0.09/turn               (no ring)
MPRegen 0.09/turn               (no ring)

@: lethally poisoned (0 -> -4), flying
A: permanent stasis, dig shafts and tunnels, antennae 3, four strong arms
a: Dig, Shaft Self, Renounce Religion, Depart the Abyss


You were on level 2 of the Dungeon.
You worshipped Lugonu.
Lugonu was aware of your devotion.
You visited 1 branch of the dungeon, and saw 2 of its levels.
You visited the Abyss 1 time.

You collected 49 gold pieces.

Inventory:

Hand Weapons
 a - a +1 falchion (weapon)
Armour
 b - a +0 leather armour
 e - a +0 plate armour (worn)
 g - a +0 buckler (worn)
Scrolls
 c - a scroll of enchant weapon {unknown}
 d - a scroll of magic mapping {unknown}
 f - a scroll of teleportation {unknown}


   Skills:
 - Level 3.2 Fighting
 + Level 3.9 Long Blades
 - Level 2.1 Armour
 - Level 0.8 Dodging
 - Level 2.1 Invocations


You had 2 spell levels left.
You didn't know any spells.
Your spell library contained the following spells:

 Spells                   Type           Power      Damage    Failure   Level
 Call Canine Familiar     Summ           0%         N/A       100%        3
 Portal Projectile        Hex/Tloc       0%         N/A       100%        3
 Leda's Liquefaction      Hex/Erth       0%         N/A       100%        4


Dungeon Overview and Level Annotations

Branches:
Dungeon (2/15)

Altars:


Innate Abilities, Weirdness & Mutations

You cannot be hasted, slowed, berserked, paralysed or teleported.
You can dig through walls and to a lower floor.
You have a pair of large antennae on your head. (SInv)
Your four strong arms can wield two-handed weapons with a shield.


Message History

You are too injured to fight recklessly!
You are too injured to fight recklessly!
You hit the hobgoblin but do no damage.
You feel sick. The hobgoblin hits you.
You hit the hobgoblin.
The hobgoblin is heavily wounded.
You feel sick.
The hobgoblin hits you but does no damage.
You hit the hobgoblin.
The hobgoblin is almost dead.
You feel sick.
The hobgoblin hits you but does no damage.
You slash the hobgoblin!
You kill the hobgoblin!
Lugonu accepts your kill.
You feel sick.
You are no longer poisoned.
The bat hits you but does no damage.
The goblin throws a poisoned dart.
The poisoned dart hits you!
You are lethally poisoned!
* * * LOW HITPOINT WARNING * * *
You feel very sick. The bat hits you but does no damage. x2
The goblin hits you but does no damage.
You see here an adder corpse.
You slash the goblin!
You kill the goblin!
Lugonu accepts your kill.
* * * LOW HITPOINT WARNING * * *
You feel sick. The bat hits you but does no damage.
* * * LOW HITPOINT WARNING * * *
You feel sick. The bat hits you but does no damage.
There is a stone staircase leading down here.
Things that are here:
a +0 club; 2 poisoned darts; a purple potion It was a potion of flight.
You feel very buoyant.
You fly up into the air.
* * * LOW HITPOINT WARNING * * *
You feel sick. The bat hits you.
You die...

#......### ......
####..<.....# ......
..........##.. ......
#####.....# # ......#
#..)..###. .......
#####..... ......?
#####..## .......##
#..<..##
......b@########.###.##
.....?..†..#.....#
#..##
......####.......#
##..# .....# ###.....#
##.# ....# #.....# #.#
.... #.....#####.# ...
#####.....#.. ..
####.....
###########..#.##


You could see a bat.

Vanquished Creatures
  An adder (D:2)
  A worm (D:2)
  An endoplasm (D:1)
  A giant cockroach (D:1)
  4 goblins
  3 hobgoblins
  4 jackals (D:2)
  2 kobolds (D:1)
  A quokka (D:1)
  3 ball pythons
  7 bats (D:1)
  A frilled lizard (D:1)
  5 rats (D:1)
34 creatures vanquished.

Notes
Turn   | Place    | Note
-------+----------+-------------------------------------------
     0 | Abyss:1  | nickcage the Formicid Abyssal Knight began the quest for
                  | the Orb.
     0 | Abyss:1  | Reached XP level 1. HP: 18/18 MP: 2/2
     0 | D:1      | Escaped the Abyss
   143 | D:1      | Reached * piety under Lugonu
   297 | D:1      | Reached XP level 2. HP: 10/24 MP: 3/3
   985 | D:1      | Reached XP level 3. HP: 29/29 MP: 4/4
  1568 | D:2      | HP: 1/29 [poisoned by a goblin]
  1568 | D:2      | Slain by a bat

Illustrated notes

Levels and vault maps discovered:
D:1:      minmay_arrival_five_plusses, layout_loops_corners,
          grunt_decor_clamped, minmay_tree_intersection, roderic_filled_cross
D:2:      layout_rooms, dreamdust_ecumenical_altar_angels_and_demons,
          serial_park_tiny_pond

Skill      XL: |  1  2 |
---------------+-------+-----
Long Blades    | 3 |  3.9
Fighting       | |  3.2
Armour         | |  2.1
Dodging        | |  0.8
Invocations    | |  2.1

Action                   || total
-------------------------++-------
Melee: Falchion          ||   105
Invok: Depart the Abyss  ||     1
  Use: Potion            ||     1
Armor: Leather armour    ||    15
       Plate armour      ||    54
Dodge: Dodged            ||    44
Block: Buckler           ||     3
